 Dungeon Crawl Stone Soup version 0.26-a0-639-g72c4674329 (webtiles) character file.

Game seed: 272141731641201102

(classic levelgen) 23 EnegeticOcto the Shield-Bearer (level 2, -2/27 HPs)
             Began as a Deep Dwarf Fighter on Sept 28, 2020.
             Slain by an orc priest
             ... wielding a +0 flail
              (6 damage)
             ... on level 3 of the Dungeon.
             The game lasted 00:00:26 (546 turns).

EnegeticOcto the Shield-Bearer (Deep Dwarf Fighter)  Turns: 546, Time: 00:00:27

Health: -2/27      AC:  6    Str: 19    XL:     2   Next: 72%
Magic:  1/1        EV:  5    Int:  8    God:
Gold:   78         SH: 15    Dex: 12    Spells: 1/1 levels left

rFire    . . .     SeeInvis .   a - +0 war axe
rCold    . . .     Faith    .   j - +2 tower shield
rNeg     . . .     Spirit   .   b - +0 scale mail
rPois    .         Reflect  .   (no helmet)
rElec    .         Harm     .   (no cloak)
rCorr    .         Rampage  .   (no gloves)
MR       .....                  (no boots)
Stlth    ..........             (no amulet)
HPRegen  0.00/turn              (no ring)
MPRegen  0.07/turn              (no ring)

@: non-regenerating
A: damage resistance, heal wounds, sense surroundings 1, no regeneration
a: Heal Wounds


You were on level 3 of the Dungeon.
You visited 1 branch of the dungeon, and saw 3 of its levels.

You collected 78 gold pieces.

Inventory:

Hand Weapons
 a - a +0 war axe (weapon)
Armour
 b - a +0 scale mail (worn)
 c - a +0 kite shield
 j - a +2 tower shield (worn)
Jewellery
 i - a cursed -4 ring of strength {unknown}
Scrolls
 e - a scroll of fear {unknown}
 f - 2 scrolls of identify {unknown}
 g - a scroll of amnesia {unknown}
 h - a scroll of fog {unknown}
Potions
 d - 2 potions of might {@q3}


   Skills:
 + Level 2.8 Fighting
 * Level 2.8 Axes
 + Level 3.5 Armour
 * Level 3.6 Shields


You had one spell level left.
You didn't know any spells.
Your spell library was empty.

Dungeon Overview and Level Annotations

Branches:
Dungeon (3/15)

Altars:


Innate Abilities, Weirdness & Mutations

You are resistant to damage.
You can heal yourself by infusing magical energy.
You passively map a small area around you.
You do not regenerate.


Message History

No target in view!
No target in view!
No target in view!
No target in view!
f - 2 scrolls labeled IPHIMM POSANT (gained 1)
You are no longer poisoned.
Found 27 arrows.
A bat comes into view.
A bat is nearby!
A bat is nearby!
A bat is nearby!
A bat is nearby!
The bat hits you but does no damage.
You hit the bat.
You kill the bat!
No target in view!
No target in view!
No target in view!
No target in view!
No target in view!
No target in view!
No target in view!
No target in view!
No target in view!
An orc comes into view. It is wielding a +0 hand axe.
The orc shouts!
An orc priest comes into view. It is wielding a +0 flail.
There are monsters nearby!
There are monsters nearby!
There are monsters nearby!
There are monsters nearby!
There are monsters nearby!
The orc priest shouts!
The orc priest looks satisfied for a moment.
An orc comes into view. It is wielding a +0 club.
Found 24 stones.
You see here an amethyst potion.
The orc shouts!
You hear a shout!
You block the orc's attack.
An orc comes into view. It is wielding a +0 flail.
You barely miss the orc. You block the orc's attack. x2
You slash the orc!
You kill the orc!
You slash the orc!
You kill the orc!
You hit the orc but do no damage. You block the orc's attack.
The orc hits you with a +0 flail.
You closely miss the orc. The orc barely misses you.
The orc priest invokes the aid of Beogh against you.
Beogh smites you!
Ouch! That really hurt!
* * * LOW HITPOINT WARNING * * *
You are too injured to fight recklessly!
You are too injured to fight recklessly!
You are too injured to fight recklessly!
There are monsters nearby!
There are monsters nearby!
There are monsters nearby!
There are monsters nearby!
There are monsters nearby!
You are too injured to fight recklessly!
You are too injured to fight recklessly!
You are too injured to fight recklessly!
You are too injured to fight recklessly!
Your magical essence is drained by the effort!
You feel much better. You block the orc's attack.
You hit the orc.
The orc is moderately wounded.
You block the orc's attack.
Your shield prevents you from hitting the orc.
The orc is moderately wounded.
The orc hits you but does no damage.
You hit the orc.
The orc is severely wounded.
You block the orc's attack. The orc hits you with a +0 flail.
You closely miss the orc.
The orc is severely wounded.
You block the orc's attack.
You slash the orc!
You kill the orc!
The orc priest invokes the aid of Beogh against you.
Pain shoots through your body!
You hit the orc priest but do no damage.
The orc priest barely misses you.
You barely miss the orc priest.
The orc priest invokes the aid of Beogh against you.
Pain shoots through your body! You block the orc priest's attack.
You hit the orc priest.
The orc priest is heavily wounded.
The orc priest hits you but does no damage.
You barely miss the orc priest.
The orc priest is heavily wounded.
The orc priest mumbles some strange prayers to Beogh against you.
Pain shoots through your body!
You hit the orc priest but do no damage.
The orc priest is heavily wounded.
The orc priest hits you with a +0 flail!
* * * LOW HITPOINT WARNING * * *
The orc priest hits you with a +0 flail!
You die...

* * , * # * .##
##### *, ..(# * *
* #... .....
#####.######.....#
#.#.# ,
#........!@o..#
**##...## * *
#.###.######### ,
..... #.###.# *
#...# *
#.#####.....#
#...###
........#####
#....., ..#####.#
######(.##### *
#.# #.........†.#
#.#
######.###...###.#
#.# #...........†#
* #


You could see an orc priest.

Vanquished Creatures
  A worm (D:2)
  A dart slug (D:3)
  3 orcs (D:3)
  2 goblins
  A hobgoblin (D:2)
  2 bats
  3 frilled lizards
  2 kobolds
  A rat (D:1)
16 creatures vanquished.

Notes
Turn   | Place    | Note
-------+----------+-------------------------------------------
     0 | D:1      | EnegeticOcto the Deep Dwarf Fighter began the quest for the
                  | Orb.
     0 | D:1      | Reached XP level 1. HP: 20/20 MP: 1/1
   394 | D:2      | Reached XP level 2. HP: 21/27 MP: 2/2
   546 | D:3      | Slain by an orc priest

Illustrated notes

Levels and vault maps discovered:
D:1:      eino_arrival_tree_alley, layout_basic
D:2:      layout_loops_ring
D:3:      layout_loops_ring, minmay_fractal_squares_5, uniq_robin, uniq_sigmund

Action                   || total
-------------------------++-------
Melee: War axe           ||    62
 Abil: Heal Wounds       ||     1
Armor: Scale mail        ||    19
Dodge: Dodged            ||    11
Block: Tower shield      ||    31
       Kite shield       ||     4

Table legend: (Time is in decaauts)
 A = Elapsed time spent in this place.
 B = Non-inter-level travel time spent in this place.
 C = Inter-level travel time spent in this place.
 D = Time resting spent in this place.
 E = Time spent auto-exploring this place.
 F = Levels seen in this place.
 G = Mean time per level.
                   A        B        C        D        E       F      G
               +--------+--------+--------+--------+--------+-----+--------+
         Total |    576 |    519 |     57 |      0 |    353 |   3 |  192.0 |
       Dungeon |    576 |    519 |     57 |      0 |    353 |   3 |  192.0 |
               +--------+--------+--------+--------+--------+-----+--------+

Top non-repeatable levels by time:
     D:1: 305 daAuts
     D:2: 160 daAuts
     D:3: 111 daAuts
